 Dungeon Crawl Stone Soup version 0.23.2-1-ga50397a6bc (webtiles) character file.

Game seed: 11578187310682514891

93 BorisKarlOrff the Insei (level 4, 0/32 HPs)
             Began as a Merfolk Transmuter on Apr 24, 2019.
             Slain by Grinder (1 damage)
             ... while paralysed by Grinder
             ... on level 3 of the Dungeon.
             The game lasted 00:06:36 (1701 turns).

BorisKarlOrff the Insei (Merfolk Transmuter)        Turns: 1701, Time: 00:06:37

Health: 0/32       AC:  2    Str: 10    XL:     4   Next: 62%
Magic:  2/7        EV:  5    Int: 13    God:
Gold:   124        SH:  0    Dex: 19    Spells: 2/8 levels left

rFire    . . .     SeeInvis .     - Unarmed
rCold    . . .     Gourm    .   (shield currently unavailable)
rNeg     . . .     Faith    .   (armour currently unavailable)
rPois    x         Spirit   .   (helmet currently unavailable)
rElec    .         Reflect  .   (cloak currently unavailable)
rCorr    .         Harm     .   (gloves currently unavailable)
MR       .....                  (boots currently unavailable)
Stlth    ++........             (no amulet)
HPRegen  0.10/turn              (no ring)
MPRegen  0.10/turn              (no ring)

@: paralysed, spider-form, flying
A: tiny, (change form in water), (swift swim), (stealthy swim)
a: End Transformation


You were on level 3 of the Dungeon.
You were not hungry.
You were a venomous arachnid creature.
You visited 1 branch of the dungeon, and saw 3 of its levels.

You collected 124 gold pieces.

Inventory:

Missiles
 a - 31 arrows
Armour
 b - a +0 robe (melded)
 f - a +0 pair of gloves
Jewellery
 j - an uncursed ring of wizardry {unknown}
Scrolls
 c - 2 scrolls of remove curse
 g - 3 scrolls of identify {unknown}
 h - a scroll of enchant weapon {unknown}
Potions
 e - a potion of brilliance
Comestibles
 d - 5 rations


   Skills:
 + Level 1.1 Fighting
 + Level 3.4 Dodging
 + Level 0.2 Stealth
 + Level 4.3 Unarmed Combat
 + Level 2.6 Spellcasting
 + Level 3.8 Transmutations


You had 2 spell levels left.
You knew the following spells:

 Your Spells              Type           Power        Failure   Level  Hunger
a - Beastly Appendage     Tmut           ##....       14%         1    #......
b - Sticks to Snakes      Tmut           ##......     21%         2    ###....
c - Spider Form           Tmut/Pois      #.........   54%         3    ###....

Your spell library contained the following spells:

 Spells                   Type           Power        Failure   Level  Hunger
 Ice Form                 Ice/Tmut       #.......     88%         4    #####..
 Blade Hands              Tmut           ##........   92%         5    ######.


Dungeon Overview and Level Annotations

Branches:
Dungeon (3/15)

Altars:
Okawaru

Annotations:
D:3 Grinder


Message History

You don't know that spell.
Casting: Spider Form (safe; 32% risk of failure)
Confirm with . or Enter, or press ? or * to list all spells.
You don't know that spell.
Casting: Spider Form (safe; 32% risk of failure)
Confirm with . or Enter, or press ? or * to list all spells.
You turn into a venomous arachnid creature.
Your +0 robe melds into your body.
Grinder barely misses you.
You hit Grinder.
Grinder is lightly wounded.
Grinder gestures at you.
You suddenly lose the ability to move!
The bat hits you but does no damage. Grinder hits you.
* * * LOW HITPOINT WARNING * * *
You writhe in agony.
* * * LOW HITPOINT WARNING * * *
The bat hits you.
* * * LOW HITPOINT WARNING * * *
Grinder hits you.
You die...

.... . .... ..
..... .####
..... ....##
...... ##.....#.
.?....##.!......
......5........#
....#.sb......#
......l.......##
.....###.......#
.... #.......#
... #.).....# ..
##....?## .
##<..## #####


You could see Grinder, a bat and a frilled lizard.

Vanquished Creatures
  2 adders (D:2)
  2 oozes (D:2)
  2 worms (D:2)
  5 dart slugs
  2 leopard geckos (D:2)
  2 bats (D:1)
  2 giant cockroaches
  4 hobgoblins
  4 jackals (D:1)
  A quokka (D:2)
  A ball python (D:2)
  2 frilled lizards
  7 goblins
  A kobold (D:1)
  4 rats
41 creatures vanquished.

Vanquished Creatures (collateral kills)
  An adder (D:2)
  A dart slug (D:2)
  A goblin (D:2)
3 creatures vanquished.

Grand Total: 44 creatures vanquished

Notes
Turn   | Place    | Note
-------+----------+-------------------------------------------
     0 | D:1      | BorisKarlOrff the Merfolk Transmuter began the quest for
                  | the Orb.
     0 | D:1      | Reached XP level 1. HP: 15/15 MP: 3/3
   204 | D:1      | Reached XP level 2. HP: 21/21 MP: 3/5
   208 | D:1      | Learned a level 2 spell: Sticks to Snakes
   358 | D:1      | Reached XP level 3. HP: 15/26 MP: 4/6
   363 | D:1      | Learned a level 3 spell: Spider Form
   510 | D:1      | Reached skill level 4 in Unarmed Combat
   958 | D:2      | Found an iron altar of Okawaru.
  1099 | D:2      | Reached XP level 4. HP: 26/32 MP: 5/7
  1683 | D:3      | Noticed Grinder
  1683 | D:3      | Paralysed by Grinder for 4 turns
  1699 | D:3      | Paralysed by Grinder for 7 turns
  1701 | D:3      | HP: 1/32 [bat (1)]
  1701 | D:3      | Slain by Grinder

Skill      XL: |  1  2  3 |
---------------+----------+-----
Transmutations | 3 |  3.8
Unarmed Combat | 4 |  4.3
Dodging        | 3 |  3.4
Fighting       | |  1.1
Stealth        | |  0.2
Spellcasting   | |  2.6

Action                   |  1- 3 |  4- 6 || total
-------------------------+-------+-------++-------
Melee: Unarmed           |   108 |    44 ||   152
       Headbutt          |    13 |     6 ||    19
       Punch             |       |     1 ||     1
 Cast: Beastly Appendage |    19 |     8 ||    27
       Sticks to Snakes  |     3 |     2 ||     5
       Spider Form       |       |     2 ||     2
  Use: Potion            |     3 |     2 ||     5
       Scroll            |     1 |       ||     1
 Stab: Sleeping          |       |     1 ||     1
  Eat: Ration            |     2 |       ||     2
Armor: Robe              |    12 |     4 ||    16
       Skin              |       |     1 ||     1
Dodge: Dodged            |    81 |    26 ||   107
